 Dungeon Crawl Stone Soup version 0.30-a0-137-gd8773701ce (webtiles) character file.

Game seed: 1461135136019027370

224 123456 the Digger (level 6, 0/32 HPs)
             Began as a Gargoyle Earth Elementalist on Sept 22, 2022.
             Was an Initiate of Yredelemnul.
             Slain by a kobold
             ... wielding a +0 short sword
              (4 damage)
             ... on level 4 of the Dungeon.
             The game lasted 00:05:56 (4036 turns).

123456 the Digger (Gargoyle Earth Elementalist)     Turns: 4036, Time: 00:05:57

Health: 0/32       AC: 15    Str: 11    XL:     6   Next: 0%
Magic:  1/11       EV: 12    Int: 24    God:    Yredelemnul [......]
Gold:   34         SH:  5    Dex: 10    Spells: 7/11 levels left

rFire   + . .      SeeInvis .    r - +3 whip of Nightmares {freeze, Fragile rN+++ Int+6}
rCold   . . .      Faith    .    (no shield)
rNeg    + + +      Spirit   .    a - +2 robe
rPois   ∞          Reflect  +    (no helmet)
rElec   +          Harm     .    (no cloak)
rCorr   .          Rampage  .    o - +2 pair of gloves
Will    .....                    (no boots)
Stlth   ++........               s - amulet of reflection
HPRegen 0.10/turn                v - +4 ring of protection
MPRegen 0.12/turn                x - ring of protection from fire

@: attractive
A: sickness immunity, AC +4, negative energy resistance 1, electricity
resistance, torment resistance 1, petrification resistance
a: Renounce Religion, Recall Undead Harvest


You were on level 4 of the Dungeon.
You worshipped Yredelemnul.
Yredelemnul was noncommittal.
You visited 2 branches of the dungeon, and saw 5 of its levels.

You collected 229 gold pieces.
You spent 195 gold pieces at shops.

Inventory:

Hand Weapons
 i - a +1 dagger of venom
 r - the +3 whip of Nightmares (weapon) {freeze, Fragile rN+++ Int+6}
   (You bought it in a shop on level 3 of the Dungeon)

   It freezes those it strikes, dealing additional cold damage.
   It can also slow down cold-blooded creatures.
   Int:       It affects your intelligence (+6).
   rN:        It renders you almost immune to negative energy.
   Fragile:   It will be destroyed if unequipped.
Armour
 a - a +2 robe (worn)
 o - a +2 pair of gloves (worn)
Jewellery
 s - an amulet of reflection (around neck)
 v - a +4 ring of protection (left hand)
 x - a ring of protection from fire (right hand)
Scrolls
 c - 2 scrolls of teleportation {unknown}
 f - a scroll of silence {unknown}
 h - 3 scrolls of enchant weapon {unknown}
 l - a scroll of fear {unknown}
 m - 3 scrolls of identify {unknown}
 n - a scroll of torment {unknown}
 q - a scroll of amnesia {unknown}
Potions
 b - a potion of magic
 d - a potion of resistance {unknown}
 e - 2 potions of haste {unknown}
 g - 2 potions of attraction
 k - a potion of degeneration {unknown}
 p - a potion of mutation {unknown}
 t - a potion of berserk rage
 u - a potion of lignification {unknown}
 w - 2 potions of heal wounds {unknown}
 z - a potion of cancellation {unknown}


   Skills:
 + Level 2.4 Dodging
 + Level 3.3 Stealth
 * Level 3.4 Spellcasting
 + Level 1.4 Conjurations
 - Level 0.7 Transmutations
 * Level 5.2 Earth Magic


You had 7 spell levels left.
You knew the following spells:

 Your Spells              Type           Power      Damage    Failure   Level
a - Sandblast             Erth           58%        2d13      1%          1
b - Stone Arrow           Conj/Erth      40%        3d9       8%          3

Your spell library contained the following spells:

 Spells                   Type           Power      Damage    Failure   Level
 Passwall                 Tmut/Erth      15%        N/A       4%          2
 Ozocubu's Armour         Ice            4%         N/A       30%         3
 Petrify                  Tmut/Erth      18%        N/A       30%         4
 Ozocubu's Refrigeration  Ice            2%         4d7       100%        7


Dungeon Overview and Level Annotations

Branches:
Dungeon (4/15)             Temple (1/1) D:4

Altars:
Ashenzari
Cheibriados
Dithmenos
Fedhas
Hepliaklqana
Kikubaaqudgha
Makhleb
Okawaru
Qazlal
Ru
Sif Muna
Vehumet
Wu Jian
Yredelemnul
The Shining One

Shops:
D:3 :[([

Annotations:
D:4 Edmund


Innate Abilities, Weirdness & Mutations

You are immune to sickness and miasma.
Your stone body is resilient. (AC +4)
You are immune to poison.
You resist negative energy. (rN+)
You are resistant to electric shocks. (rElec)
You are resistant to unholy torment.
You are immune to petrification.


Message History

Aiming: Sandblast (safe; 1% risk of failure)
Press: ? - help, Q - select action, (/) - cycle Shift-Dir - straight line, f/p - Edmund
Aim: Edmund, wielding a +2 flail of protection and wearing a +0 ring mail (severely wounded, 85% to hit)
The blast of sand hits Edmund but does no damage.
Edmund is severely wounded.
You block Edmund's attack. The kobold misses you.
Edmund hits you but does no damage.
You completely miss Edmund.
Edmund is severely wounded.
The kobold closely misses you. Edmund barely misses you.
You barely miss Edmund.
Edmund is severely wounded.
The kobold hits you but does no damage.
Edmund says, "What use are spells, anyway?"
Edmund misses you. The kobold hits you but does no damage.
You hit Edmund. You freeze Edmund.
Edmund is almost dead.
Edmund hits you but does no damage. The kobold hits you but does no damage.
It was a potion of attraction.
You feel attractive to monsters.
Edmund hits you with a +2 flail of protection.
* * * LOW HITPOINT WARNING * * *
The kobold hits you but does no damage.
You closely miss Edmund.
Edmund is almost dead.
Edmund hits you but does no damage.
The kobold hits you with a +0 short sword.
* * * LOW HITPOINT WARNING * * *
You hit Edmund but do no damage.
Edmund is almost dead.
Edmund hits you with a +2 flail of protection.
* * * LOW HITPOINT WARNING * * *
The kobold closely misses you.
You hit Edmund but do no damage.
Edmund is almost dead.
Edmund hits you with a +2 flail of protection.
* * * LOW HITPOINT WARNING * * *
The kobold hits you with a +0 short sword.
You die...
Your body rises from the dead as a mindless zombie.

#..# ### # #.# #..# ..
..# #..#.. ....#..##.#
#..#. ....#.....# #...
_...^.....# #..#..
....#...#.#
#g#.......#.....# #@#
..... .....##
#@####^####..#...#
#######.K.........##....
#.......###.##...###...#
..#####.# #Z###.#....#.#
### #.##.....§♣§.#
#....#...§§§..
####...#♣.§.##
##.##..♣.# ###
#.###..###


You could see Edmund, a hobgoblin and a kobold.

Vanquished Creatures
  2 quasits (D:4)
  5 adders
  2 shadow imps (D:4)
  A white imp (D:4)
  A worm (D:2)
  2 dart slugs
  5 orcs (D:3)
  8 ball pythons
  6 endoplasms
  3 giant cockroaches
  8 goblins
  6 hobgoblins
  8 kobolds
  3 quokkas
  6 bats
  3 frilled lizards
  6 rats
75 creatures vanquished.

Vanquished Creatures (collateral kills)
  An ufetubus (D:4)
1 creature vanquished.

Vanquished Creatures (others)
  A spectral quasit (D:4)
  An adder zombie (D:4)
  2 demonic plants (D:4)
4 creatures vanquished.

Grand Total: 80 creatures vanquished

Notes
Turn   | Place    | Note
-------+----------+-------------------------------------------
     0 | D:1      | 123456 the Gargoyle Earth Elementalist began the quest for
                  | the Orb.
     0 | D:1      | Reached XP level 1. HP: 10/10 MP: 3/3
   210 | D:1      | Reached XP level 2. HP: 11/15 MP: 1/5
   541 | D:1      | Reached skill level 4 in Earth Magic
   636 | D:1      | Found a faded altar of an unknown god.
   772 | D:1      | Reached XP level 3. HP: 19/19 MP: 6/6
  1092 | D:1      | Learned a level 3 spell: Stone Arrow
  1678 | D:2      | Reached XP level 4. HP: 24/24 MP: 3/8
  2111 | D:3      | Found Qileog's Antique Armour Emporium.
  2390 | D:3      | Found Zuyt Lei's Book Emporium.
  2682 | D:3      | Found Mored's Antique Armour Shop.
  2718 | D:3      | Found Dijoz's Antique Weapon Shoppe.
  2725 | D:3      | Bought a pitted whip for 195 gold pieces
  2725 | D:3      | Identified the +3 whip of Nightmares {freeze, Fragile rN+++
                  | Int+6} (You bought it in a shop on level 3 of the Dungeon)
  3080 | D:4      | Noticed an ogre
  3081 | D:4      | Noticed Edmund
  3085 | D:4      | Reached XP level 5. HP: 21/28 MP: 5/9
  3556 | D:4      | Found a staircase to the Ecumenical Temple.
  3574 | Temple   | Entered the Ecumenical Temple
  3770 | Temple   | Became a worshipper of Yredelemnul the Dark
  3835 | D:4      | Reached skill level 1 in Conjurations
  3838 | D:4      | Reached skill level 5 in Earth Magic
  3925 | D:4      | Reached XP level 6. HP: 32/32 MP: 7/11
  3980 | D:4      | Found an ornate altar of the Wu Jian Council.
  4036 | D:4      | Slain by a kobold

Illustrated notes

Levels and vault maps discovered:
D:1:      lightli_arrival_lavapool, layout_loops_ring, serial_forest,
          infiniplex_forest_clump_long, infiniplex_forest_split,
          infiniplex_forest_lined_3_way, infiniplex_forest_clump_small,
          hellmonk_ecumenical_altar_prayer_group, chequers_serial_rivers_micro_c
D:2:      layout_basic
D:3:      layout_loops_ring, serial_shops, nicolae_shop_advertising_works
          [nicolae_subvault_shop_adworks], shop, shop_statue, shop
D:4:      layout_loops_ring, grunt_temple_overflow_opulence, lemuel_tele_altar,
          minmay_temple_entry_sparse_star, serial_demonic, serial_demonic_f,
          serial_demonic_b, serial_demonic_f, serial_demonic_d,
          serial_demonic_b, hangedman_decor_diamond_cutter, uniq_edmund
Temple:   eino_narrow_crystal_temple

Skill      XL: |  1  2  3  4  5 |
---------------+----------------+-----
Earth Magic    | 4 5 |  5.2
Dodging        | 2 |  2.4
Stealth        | 3 |  3.3
Spellcasting   | 3 |  3.4
Conjurations   | 1 |  1.4
Transmutations | |  0.7

Action                   |  1- 3 |  4- 6 || total
-------------------------+-------+-------++-------
Melee: Short sword       |     6 |       ||     6
       Dagger            |     9 |     6 ||    15
       Whip              |       |    25 ||    25
 Cast: Sandblast         |    52 |    62 ||   114
       Stone Arrow       |       |     4 ||     4
  Use: Scroll            |       |     4 ||     4
       Potion            |       |     4 ||     4
 Stab: Sleeping          |     2 |       ||     2
Armor: Robe              |    13 |    36 ||    49
Dodge: Dodged            |    38 |    41 ||    79
Block: Other             |       |    12 ||    12

Table legend: (Time is in decaauts)
 A = Elapsed time spent in this place.
 B = Non-inter-level travel time spent in this place.
 C = Inter-level travel time spent in this place.
 D = Time resting spent in this place.
 E = Time spent auto-exploring this place.
 F = Levels seen in this place.
 G = Mean time per level.
                   A        B        C        D        E       F      G
               +--------+--------+--------+--------+--------+-----+--------+
         Total |   4092 |   3950 |    142 |    534 |   2813 |   5 |  818.4 |
       Dungeon |   3881 |   3755 |    126 |    534 |   2640 |   4 |  970.2 |
        Temple |    211 |    195 |     16 |      0 |    173 |   1 |  211.0 |
               +--------+--------+--------+--------+--------+-----+--------+

Top non-repeatable levels by time:
     D:1: 1421 daAuts
     D:3: 1345 daAuts
     D:2: 701 daAuts
     D:4: 413 daAuts
  Temple: 211 daAuts
